 Dungeon Crawl Stone Soup version 0.17-a0-946-g1856e96 (webtiles) character file.

546 FedoraBrony69 the Magician (level 7, 0/36 HPs)
             Began as a Deep Elf Conjurer on May 6, 2015.
             Was an Initiate of Vehumet.
             Slain by a worker ant (4 damage)
             ... on level 5 of the Dungeon.
             The game lasted 00:12:46 (4703 turns).

FedoraBrony69 the Magician (Deep Elf Conjurer)      Turns: 4703, Time: 00:12:47

Health: 0/36       AC:  4    Str:  5    XL:     7   Next: 6%
Magic:  4/19       EV:  8    Int: 22    God:    Vehumet [......]
Gold:   201        SH:  0    Dex: 18    Spells: 3 memorised, 10 levels left

rFire  . . .     SeeInvis +     y - +0 trident
rCold  . . .     Clarity  .     a - +0 robe
rNeg   . . .     SustAb   .     (no shield)
rPois  .         Gourm    +     (no helmet)
rElec  .         Spirit   .     (no cloak)
rCorr  .         Warding  .     i - +0 pair of gloves
rMut   .         Stasis   .     r - +0 pair of boots
MR     .....                    q - amulet of the gourmand
Stlth  ++........               o - +3 ring of dexterity
                                g - ring of see invisible

@: lethally poisoned (0 -> -2), not resistant to hostile enchantments,
unstealthy
A: no striking features
a: Renounce Religion


You were on level 5 of the Dungeon.
You worshipped Vehumet.
Vehumet was noncommittal.
You were very full.

You visited 1 branch of the dungeon, and saw 5 of its levels.

You collected 201 gold pieces.

Inventory:

Hand weapons
 y - a +0 trident (weapon)
 z - a +1 mace of protection
Armour
 a - a +0 robe (worn)
 i - a +0 pair of gloves (worn)
 l - a +0 buckler
 r - a +0 pair of boots (worn)
 s - a cursed +0 leather armour
Jewellery
 g - a ring of see invisible (left hand)
 o - a +3 ring of dexterity (right hand)
 q - an amulet of the gourmand (around neck)
 u - an uncursed ring of sustain abilities {unknown}
Scrolls
 d - 3 scrolls of remove curse
 e - 2 scrolls of teleportation {unknown}
 h - 2 scrolls of enchant armour {unknown}
 k - 2 scrolls of identify {unknown}
 m - 2 scrolls of recharging {unknown}
 n - a scroll of enchant weapon {unknown}
 p - a scroll of immolation {unknown}
Potions
 v - a potion of lignification {unknown}
 w - a potion of poison
 A - a potion of ambrosia
Books
 b - a book of Conjurations

   Spells                             Type                      Level
   a - Magic Dart                     Conjuration                  1
   b - Searing Ray                    Conjuration                  2
   c - Dazzling Spray                 Conjuration/Hexes            3
   d - Fulminant Prism                Conjuration/Hexes            4
   e - Iskenderun's Mystic Blast      Conjuration                  4
   f - Iskenderun's Battlesphere      Conjuration/Charms           5
Comestibles
 c - 5 bread rations
 j - 2 slices of pizza
 t - a beef jerky


   Skills:
 - Level 2.4 Dodging
 - Level 2.4 Stealth
 + Level 7.0 Spellcasting
 + Level 6.5 Conjurations
 * Level 5.0 Charms


You had 10 spell levels left.
You knew the following spells:

 Your Spells              Type           Power        Failure   Level  Hunger
a - Magic Dart            Conj           ####         1%          1    None
b - Iskenderun's Battles  Conj/Chrm      ####....     21%         5    #####..
c - Iskenderun's Mystic   Conj           #####...     8%          4    ###....


Dungeon Overview and Level Annotations

Branches:
Dungeon (5/15)
 Temple: D:4-7

Altars:
Makhleb
Vehumet
Zin
The Shining One

Annotations:
D:5 chequers's ghost, experienced FoFi


Message History

The orc wizard seems to speed up.
Chequers's ghost says, "What do you have that I didn't have?"
The worker ant bites you!
You are poisoned.
The worker ant poisons you!
You feel sick.
You feel sick.
You feel sick.
The orc wizard looks braver.
The worker ant bites you.
You feel sick.
The orc wizard gestures at you while chanting.
The puff of frost hits you!
* * * LOW HITPOINT WARNING * * *
There is a stone staircase leading up here.
You feel sick.
The orc wizard gestures wildly while chanting.
The orc wizard flickers and vanishes for a moment.
The worker ant bites you.
You die...

#..........## ##.# #
##....####...# ###..#
.##....# ##..## ##....##
...[...#####....###..###.##
..<....##...........## ##.#
#####..............## ###
######.............##
.........###........###
.......####..W.a@.....#
............o......####
...................#
##.................#
#####.............#
##...........##..#
###.o.........## #.#
##....####....## .. ....###
##..##


You could see a worker ant, an orc wizard (invisible) and chequers's ghost.

Vanquished Creatures
  A phantom (D:3)
  An ogre (D:4)
  An orc wizard (D:4)
  3 hounds
  3 worker ants (D:4)
  Natasha (D:3)
  6 adders
  A shadow imp (D:5)
  2 oozes (D:2)
  2 worms
  An adder skeleton (D:4)
  3 giant geckos
  13 orcs
  A ball python (D:4)
  4 bats
  A giant cockroach (D:2)
  4 goblins
  5 hobgoblins
  7 kobolds
  4 giant newts
  2 quokkas
  7 rats
73 creatures vanquished.

Notes
Turn   | Place    | Note
--------------------------------------------------------------
     0 | D:1      | FedoraBrony69, the Deep Elf Conjurer, began the quest for the Orb.
     0 | D:1      | Reached XP level 1. HP: 10/10 MP: 6/6
   661 | D:1      | You fall through a shaft!
   775 | D:2      | Reached XP level 2. HP: 15/15 MP: 2/8
   790 | D:2      | Found a burning altar of Makhleb.
  1037 | D:2      | Reached XP level 3. HP: 19/19 MP: 6/10
  1481 | D:2      | Reached skill level 5 in Conjurations
  1699 | D:3      | Noticed a phantom
  1716 | D:3      | Killed a phantom
  1716 | D:3      | Reached skill level 5 in Spellcasting
  1716 | D:3      | Reached XP level 4. HP: 10/24 MP: 1/13
  2031 | D:3      | Reached XP level 5. HP: 21/28 MP: 9/15
  2318 | D:3      | Noticed Natasha
  2321 | D:3      | Killed Natasha
  2328 | D:3      | Learned a level 5 spell: Iskenderun's Battlesphere
  2333 | D:3      | Learned a level 4 spell: Iskenderun's Mystic Blast
  2687 | D:4      | Reached skill level 6 in Spellcasting
  2687 | D:4      | Reached skill level 1 in Charms
  2977 | D:4      | Found a radiant altar of Vehumet.
  3037 | D:4      | Became a worshipper of Vehumet
  3045 | D:5      | Entered Level 5 of the Dungeon
  3051 | D:5      | Reached XP level 6. HP: 11/32 MP: 10/17
  3592 | D:4      | Noticed an ogre
  3596 | D:4      | Killed an ogre
  4148 | D:4      | Found a glowing silver altar of Zin.
  4150 | D:4      | Found a glowing golden altar of the Shining One.
  4394 | D:4      | Reached XP level 7. HP: 32/36 MP: 10/19
  4648 | D:5      | Reached skill level 7 in Spellcasting
  4648 | D:5      | Reached skill level 5 in Charms
  4672 | D:5      | Noticed chequers's ghost (experienced FoFi)
  4703 | D:5      | Slain by a worker ant

Action                   |  1- 3 |  4- 6 |  7- 9 || total
-------------------------+-------+-------+-------++-------
Melee: Club              |     3 |       |       ||     3
 Cast: Magic Dart        |    63 |   119 |     7 ||   189
       Iskenderun's Myst |       |    10 |     4 ||    14
       Iskenderun's Batt |       |       |     1 ||     1
  Use: Scroll            |     1 |       |       ||     1
       Potion            |       |     5 |       ||     5
  Eat: Chunk             |     2 |    17 |       ||    19
